 Dungeon Crawl Stone Soup version 0.30-a0-778-g2ef04afb54 (webtiles) character file.

Game seed: 11433724129728212782

1699125 freelancePsychic the Impregnable (level 27, 273/273 HPs)
             Began as an Armataur Cinder Acolyte on Feb 14, 2023.
             Was the Champion of Ashenzari.
             Escaped with the Orb
             ... and 3 runes on Feb 16, 2023!
             The game lasted 02:51:39 (71325 turns).

freelancePsychic the Impregnable (AtCA)            Turns: 71325, Time: 02:51:40

Health: 273/273    AC: 28    Str: 20    XL:     27
Magic:  41/41      EV: 16    Int: 26    God:    Ashenzari [******]
Gold:   1492       SH:  9    Dex: 17    Spells: 15/54 levels left

rFire   + + .      SeeInvis +    O - staff of cold (curse) {Evo, Self}
rCold   + + .      Faith    .    D - +1 buckler of the Astral Jealousy {rF+, Evo, Elem} (curse)
rNeg    + . .      Spirit   .    y - +2 steam dragon scales of Desmomancy {Elem, Alch} (curse)
rPois   +          Reflect  .    l - -2 hat of the Alchemist {rElec rPois rF+ rC+ rN+ Will+ rMut rCorr, Elem, Cun} (curse)
rElec   +          Harm     .    Y - +1 cloak "Shattered Secrets" {Dex+3, Comp, Elem} (curse)
rCorr   +          Roll     +    s - +1 pair of gloves "Pangnostic Monotheism" {Regen+, Fort, Comp} (curse)
rMut    +          Clarity  +    w - +3 barding "Vexation of Ashenzari" {Comp, Elem} (curse)
Will    +++..                    p - amulet "Cosmic Shame" {Regen+, Range, Bglg} (curse)
Stlth   ++                       A - ring "Cosmic Foul Odours" {Fly, Comp, Self} (curse)
HPRegen 2.25/turn                N - ring of Curses and Power {Int+6, Bglg, Alch} (curse)
MPRegen 0.27/turn

@: flying, studying 3 skills
A: large, rugged brown scales 3, deformed body, armoured tail, roll, long
tongue, awkward tongue, talons 1, inability to drink after injury 1
0: Orb of Zot
}: 3/15 runes: barnacled, slimy, gossamer
a: Renounce Religion, Shatter the Chains


You escaped.
You worshipped Ashenzari.
Ashenzari was exalted by your worship.
You visited 11 branches of the dungeon, and saw 52 of its levels.
You visited 2 bazaars.
You also visited: Ossuary, Bailey and Ice Cave.

You collected 6307 gold pieces.
You spent 4815 gold pieces at shops.

Inventory:

Hand Weapons
 m - a +1 mace of protection
 q - a +0 quick blade
Armour
 l - the cursed -2 hat of the Alchemist (worn) {rElec rPois rF+ rC+ rN+ Will+ rMut rCorr, Elem, Cun}
   (You found it on level 2 of the Elven Halls)

   rF:        It protects you from fire.
   rC:        It protects you from cold.
   rElec:     It insulates you from electricity.
   rPois:     It protects you from poison.
   rN:        It protects you from negative energy.
   rCorr:     It protects you from acid and corrosion.
   rMut:      It protects you from mutation.
   Will:      It increases your willpower.
   It has a curse which improves the following skills: Elements: Fire Magic, Ice
   Magic, Air Magic and Earth Magic.
   Cunning:   Dodging and Stealth.
 s - the cursed +1 pair of gloves "Pangnostic Monotheism" (worn) {Regen+, Fort, Comp}
   (You bought it in a shop on level 4 of the Depths)

   Regen:     It increases your rate of health regeneration.
   It has a curse which improves the following skills: Fortitude: Armour and
   Shields.
   Companions: Summonings and Necromancy.
 w - the cursed +3 barding "Vexation of Ashenzari" (worn) {Comp, Elem}
   (You found it on level 4 of the Dungeon)

   It has a curse which improves the following skills: Companions: Summonings
   and Necromancy.
   Elements:  Fire Magic, Ice Magic, Air Magic and Earth Magic.
 y - the cursed +2 steam dragon scales of Desmomancy (worn) {Elem, Alch}
   (You found it on level 6 of the Dungeon)

   It has a curse which improves the following skills: Elements: Fire Magic, Ice
   Magic, Air Magic and Earth Magic.
   Alchemy:   Poison Magic and Transmutations.
 D - the cursed +1 buckler of the Astral Jealousy (worn) {rF+, Evo, Elem}
   (You took it off a tengu warrior on level 15 of the Dungeon)

   It has a curse which improves the following skills: Evocations: Evocations.
   Elements:  Fire Magic, Ice Magic, Air Magic and Earth Magic.
 Y - the cursed +1 cloak "Shattered Secrets" (worn) {Dex+3, Comp, Elem}
   (You bought it in a shop on level 13 of the Dungeon)

   Dex:       It affects your dexterity (+3).
   It has a curse which improves the following skills: Companions: Summonings
   and Necromancy.
   Elements:  Fire Magic, Ice Magic, Air Magic and Earth Magic.
Magical Staves
 O - a cursed staff of cold (weapon) {Evo, Self}
Jewellery
 p - the cursed amulet "Cosmic Shame" (around neck) {Regen+, Range, Bglg}
   (You took it off Terence on level 3 of the Dungeon)

   [amulet of regeneration]

   Regen:     It increases your rate of health regeneration.
   It has a curse which improves the following skills: Ranged Combat: Ranged
   Weapons and Throwing.
   Beguiling: Conjurations, Hexes and Translocations.
 A - the cursed ring "Cosmic Foul Odours" (left hand) {Fly, Comp, Self}
   (You found it on level 7 of the Dungeon)

   [ring of flight]

   Fly:       It grants you flight.
   It has a curse which improves the following skills: Companions: Summonings
   and Necromancy.
   Introspection: Fighting and Spellcasting.
 G - the ring of Joagecah {Wiz Int+2 Slay+2}
   (You found it on level 5 of the Pits of Slime)

   [ring of wizardry]

   It improves your spell success rate.
   Int:       It affects your intelligence (+2).
   Slay:      It affects your accuracy & damage with ranged weapons and melee
   (+2).
 N - the cursed ring of Curses and Power (right hand) {Int+6, Bglg, Alch}
   (You found it on level 4 of the Lair of Beasts)

   [ring of intelligence]

   Int:       It affects your intelligence (+6).
   It has a curse which improves the following skills: Beguiling: Conjurations,
   Hexes and Translocations.
   Alchemy:   Poison Magic and Transmutations.
 R - a +4 ring of protection
 S - a ring of protection from cold
 X - a +6 ring of strength
Wands
 a - a wand of flame (91)
 b - a wand of charming (50)
 d - a wand of mindburst (32)
 k - a wand of iceblast (35)
 v - a wand of polymorph (20)
 z - a wand of light (21)
Scrolls
 e - 17 scrolls of teleportation {@r4}
 f - 9 scrolls of poison
 n - 3 scrolls of enchant armour
 o - 12 scrolls of fog
 t - 9 scrolls of amnesia
 u - 11 scrolls of noise
 x - 2 scrolls of torment
 C - 8 scrolls of magic mapping
 E - 7 scrolls of enchant weapon
 I - 2 scrolls of silence
 L - 6 scrolls of vulnerability
 V - 5 scrolls of fear
 Z - 5 scrolls of immolation
Potions
 g - 3 potions of flight
 h - 8 potions of brilliance
 i - 6 potions of attraction
 j - a potion of might
 B - 7 potions of degeneration
 F - 5 potions of lignification
 H - 17 potions of curing {@q1}
 J - 5 potions of ambrosia
 M - 5 potions of mutation
 P - 4 potions of invisibility
 Q - 2 potions of resistance
 T - 8 potions of haste {@q3}
 U - a potion of cancellation
Miscellaneous
 K - a phantom mirror


   Skills:
 + Level 19.3(22.9) Fighting
 - Level 2.6(8.0) Maces & Flails
 - Level 11.8(12.0) Staves
 - Level 21.2(23.5) Armour
 - Level 12.4(15.0) Dodging
 - Level 5.0(7.5) Stealth
 - Level 11.9(14.5) Shields
 - Level 10.0(14.0) Spellcasting
 - Level 8.2(12.2) Conjurations
 - Level 5.7(9.6) Transmutations
 - Level 5.0(11.5) Fire Magic
 - Level 20.1(27) Ice Magic
 + Level 15.4(22.5) Air Magic
 - Level 6.5(10.4) Poison Magic
 - Level 9.9(13.8) Evocations


You had 15 spell levels left.
You knew the following spells:

 Your Spells              Type           Power      Damage    Failure   Level
a - Maxwell's Capacitive  Air            47%        ∞         1%          8
b - Polar Vortex          Ice            63%        N/A       5%          9
c - Mephitic Cloud        Conj/Pois/Air  77%        N/A       1%          3
d - Olgreb's Toxic Radia  Pois           64%        N/A       1%          4
e - Arcjolt               Conj/Air       41%        1d51      1%          5
f - Freezing Cloud        Conj/Ice/Air   56%        6-21      1%          5
h - Irradiate             Conj/Tmut      33%        3d22      1%          5

Your spell library contained the following spells:

 Spells                   Type           Power      Damage    Failure   Level
 Freeze                   Ice            100%       1d10      0%          1
 Poisonous Vapours        Pois/Air       100%       N/A       0%          2
 Static Discharge         Conj/Air       100%       2-7/arc   0%          2
 Frozen Ramparts          Ice            100%       1d16      0%          3
 Hailstorm                Conj/Ice       100%       3d20      0%          3
 Airstrike                Air            47%        2d(7-23)  0%          4
 Foxfire                  Conj/Fire      100%       2x1d9     1%          1
 Kiss of Death            Conj/Necr      100%       2d13      1%          1
 Magic Dart               Conj           100%       1d8       1%          1
 Sting                    Tmut/Pois      100%       1d8       1%          1
 Cigotuvi's Dreadful Rot  Necr/Pois/Air  100%       N/A       1%          2
 Ensorcelled Hibernation  Hex/Ice        100%       N/A       1%          2
 Momentum Strike          Conj/Tloc      100%       3d10      1%          2
 Passwall                 Tmut/Erth      38%        N/A       1%          2
 Scorch                   Fire           100%       2d10      1%          2
 Wereblood                Tmut           62%        N/A       1%          2
 Dazzling Flash           Conj/Hex       100%       N/A       1%          3
 Ignite Poison            Fire/Tmut/Pois 64%        N/A       1%          3
 Kindle Blastsparks       Fire/Tloc/Air  100%       2d18      1%          3
 Spider Form              Tmut/Pois      63%        N/A       1%          3
 Stone Arrow              Conj/Erth      100%       3d13      1%          3
 Vhi's Electric Charge    Tloc/Air       100%       N/A       1%          3
 Flame Wave               Conj/Fire      68%        2d15      1%          4
 Sticky Flame             Conj/Fire      68%        2d8       1%          4
 Summon Ice Beast         Ice/Summ       94%        N/A       1%          4
 Summon Lightning Spire   Summ/Air       68%        N/A       1%          4
 Blade Hands              Tmut           31%        N/A       1%          5
 Fireball                 Conj/Fire      34%        3d14      1%          5
 Iskenderun's Battlesphe  Conj           69%        2d12      1%          5
 Lightning Bolt           Conj/Air       41%        1d60      1%          5
 Metabolic Englaciation   Hex/Ice        47%        N/A       1%          5
 Silence                  Hex/Air        34%        N/A       1%          5
 Conjure Ball Lightning   Conj/Air       41%        3x3d13    1%          6
 Simulacrum               Ice/Necr       47%        N/A       1%          6
 Apportation              Tloc           42%        N/A       2%          1
 Necrotise                Necr           92%        1d8       2%          1
 Sandblast                Erth           46%        2d11      2%          1
 Summon Small Mammal      Summ           92%        N/A       2%          1
 Iskenderun's Mystic Bla  Conj/Tloc      51%        2d11      2%          4
 Call Imp                 Summ           23%        N/A       3%          2
 Sublimation of Blood     Necr           23%        N/A       3%          2
 Petrify                  Tmut/Erth      46%        N/A       3%          4
 Storm Form               Tmut/Air       40%        N/A       3%          7
 Blink                    Tloc           42%        N/A       4%          2
 Lesser Beckoning         Tloc           42%        N/A       4%          2
 Starburst                Conj/Fire      34%        6d10      4%          6
 Call Canine Familiar     Summ           23%        N/A       7%          3
 Vampiric Draining        Necr           23%        2d7       7%          3
 Summon Guardian Golem    Hex/Summ       22%        N/A       8%          3
 Confusing Touch          Hex            21%        N/A       9%          3
 Gell's Gravitas          Tloc           21%        N/A       9%          3
 Portal Projectile        Hex/Tloc       42%        N/A       9%          3
 Teleport Other           Tloc           21%        N/A       9%          3
 Tukima's Dance           Hex            21%        N/A       9%          3
 Eringya's Noxious Bog    Tmut/Pois      31%        N/A       9%          6
 Yara's Violent Unravell  Hex/Tmut       22%        3d10      12%         5
 Orb of Destruction       Conj           34%        9d10      19%         7
 Animate Armour           Summ/Erth      46%        N/A       22%         4
 Animate Dead             Necr           23%        N/A       22%         4
 Dispel Undead            Necr           23%        3d12      22%         4
 Anguish                  Hex/Necr       11%        N/A       24%         4
 Cause Fear               Hex            10%        N/A       26%         4
 Manifold Assault         Tloc           21%        N/A       26%         4
 Passage of Golubria      Tloc           21%        N/A       26%         4
 Statue Form              Tmut/Erth      30%        N/A       50%         6
 Dragon Form              Tmut           31%        N/A       50%         7
 Borgnjor's Vile Clutch   Necr/Erth      11%        N/A       52%         5
 Agony                    Necr           23%        N/A       54%         5
 Summon Forest            Summ/Tloc      11%        N/A       56%         5
 Summon Mana Viper        Hex/Summ       22%        N/A       56%         5
 Chain Lightning          Conj/Air       41%        3d55      95%         9
 Death Channel            Necr           11%        N/A       98%         6
 Summon Cactus Giant      Summ           11%        N/A       98%         6
 Malign Gateway           Summ/Tloc      11%        N/A       100%        7
 Monstrous Menagerie      Summ           11%        N/A       100%        7
 Summon Hydra             Summ           11%        N/A       100%        7
 Discord                  Hex            10%        N/A       100%        8
 Disjunction              Tloc           10%        N/A       100%        8
 Summon Horrible Things   Summ           11%        N/A       100%        8
 Dragon's Call            Summ           11%        N/A       100%        9
 Fire Storm               Conj/Fire      34%        8d9       100%        9
 Shatter                  Erth           11%        3d12*     100%        9


Dungeon Overview and Level Annotations

Branches:
Dungeon (15/15)            Temple (1/1) D:7            Lair (5/5) D:11
 Shoals (4/4) Lair:3       Spider (4/4) Lair:2        Slime (5/5) Lair:4
    Orc (2/2) D:9             Elf (3/3) Orc:2        Vaults (4/5) D:14
  Crypt (0/3) Vaults:3     Depths (4/4) D:15            Zot (5/5) Depths:4
Ossuary (visited)          Bailey (visited)           IceCv (visited)

Altars:
Ashenzari
Cheibriados
Dithmenos
Elyvilon
Fedhas
Gozag
Hepliaklqana
Kikubaaqudgha
Makhleb
Nemelex Xobeh
Okawaru
Qazlal
Ru
Sif Muna
Trog
Uskayaw
Vehumet
Wu Jian
Xom
Yredelemnul
Zin
The Shining One
Jiyva
Lugonu

Shops:
D:9 (   D:13 [   Orc:1 ?   Orc:2 [!?:[   Elf:1 (   Elf:3 =((:=:[   Shoals:2 *
Shoals:3 ?   Vaults:1 =   Vaults:3 :*[[   Vaults:4 [   Depths:4 *

Portals:
Hell: Depths:1 Depths:2 Depths:3 Depths:4
Abyss: Depths:2 Depths:3
Pandemonium: Depths:2 Depths:4
Ziggurat: Depths:4

Annotations:
D:5 Eustachio
D:8 exclusion: boulder beetle
D:10 Sonja
Shoals:1 exclusion: kraken
Shoals:3 1 runed translucent door, Fonana's ghost, journeyman DgHu
Depths:1 exclusion: downstairs


Innate Abilities, Weirdness & Mutations

You are completely covered in rugged brown scales. (AC +3, +7% HP)
Armour fits poorly on your strangely shaped body.
You have a long armoured tail.
You roll when moving toward enemies. (Rampage)
Your long tongue fully drains potion bottles. (2x potion effects)
Your tongue gives you trouble enunciating. (1.5x scroll delay)
You have sharp toenails.
You occasionally lose the ability to drink potions when taking damage.


Message History

You hit the Orb Guardian but do no damage.
You freeze the Orb Guardian.
You tail-slap the Orb Guardian, but do no damage.
The Orb Guardian is heavily wounded.
The Orb Guardian hits you but does no damage.
You hit the Orb Guardian but do no damage.
You freeze the Orb Guardian. You tail-slap the Orb Guardian.
The Orb Guardian is heavily wounded.
The Orb Guardian hits you but does no damage.
You closely miss the Orb Guardian.
You tail-slap the Orb Guardian, but do no damage.
The Orb Guardian is heavily wounded.
You block the Orb Guardian's attack.
You hit the Orb Guardian but do no damage.
You freeze the Orb Guardian!!
The Orb Guardian is almost dead.
You hit the Orb Guardian but do no damage.
You freeze the Orb Guardian!
You kill the Orb Guardian!
No target in view!
No target in view!
No target in view!
No target in view!
No target in view!
No target in view!
No target in view!
(D) Dungeon (T) Temple (L) Lair (A) Shoals (N) Spider Nest (M) Slime Pits (O) Orcish Mines (E) Elven Halls (V) Vaults (C) Crypt (U) Depths (H) Hell (Z) Zot
Where to? (Enter - D:1 @ (x,y), ? - help)
There is a stone staircase leading up here.
You fly upwards.
There is a stone staircase leading down here.
Magic restored.
You sense a monster nearby.
Unknown command.
There is an open gate here.
There is a staircase leading out of the dungeon here.
You have escaped!

########...# #............##...
.......#...# ####...##.#########
.....^.#...####..#......÷### #
.......#{.###....#.##......# #
........###......#..#..###.# #
......###........#.....###.######
..#####......~~..#.#.#.........#
...'.......~~≈≈..#.#.####.####.##
#..'.....~≈~≈~~.@#.....##.####..#
##.'.......≈~≈~..####...#..#.....
######......≈~..#...........####
#########........######.###...#
#.......###......# #.# ##..###
...##.....###....# #.# #..†..
##..........###).# #.# ##....
####.........#### #.# ##...
#..........# #.# #...


There were no monsters in sight!

Vanquished Creatures
  the Royal Jelly (Slime:5)
  2 dread liches
  Mara (Depths:2)
  8 orbs of fire (Zot:5)
  2 ancient liches (Zot:5)
  A juggernaut (Depths:1)
  Josephina (Depths:2)
  Frederick (Depths:4)
  4 Killer Klowns (Zot:5)
  Vv (Depths:4)
  Xtahua (Depths:4)
  2 curse toes (Zot:5)
  Margery (Depths:4)
  The ghost of Ewetirimn the Executioner, an adept MiBe of Trog (Elf:3)
  8 golden dragons
  Nikola (Shoals:3)
  A bone dragon (Depths:4)
  3 electric golems
  6 tentacled monstrosities
  A Brimstone Fiend (Zot:5)
  2 Hell Sentinels
  27 Orb Guardians
  Jorgrun (Spider:2)
  An Ice Fiend (Zot:2)
  Rupert (Lair:3)
  2 walking crystal tomes
  2 liches (Depths:2)
  A deep elf blademaster (Elf:3)
  A deep elf master archer (Elf:3)
  17 acid blobs
  An Executioner (D:3)
  A kraken (Shoals:3)
  Gastronok (Lair:2)
  5 sphinxes
  6 death cobs
  Polyphemus (Shoals:2)
  3 tengu reavers
  Donald (Orc:2)
  4 shadow dragons
  6 storm dragons
  4 draconian monks
  15 azure jellies
  9 rockslimes
  2 fire giants (Depths:2)
  A draconian knight (Depths:4)
  2 frost giants (Depths:2)
  2 emperor scorpions (Spider:4)
  14 deep elf sorcerers
  10 vault wardens
  5 draconian scorchers
  6 ghost moths
  5 orc warlords
  5 deep elf elementalists (Elf:3)
  3 draconian stormcallers
  9 broodmothers
  3 draconian shifters (Zot:2)
  22 ironbound preservers
  16 very ugly things
  A war gargoyle (Vaults:1)
  3 draconian annihilators
  4 ironbound thunderhulks
  13 stone giants
  13 quicksilver oozes
  4 vampire knights
  3 white draconians
  3 green draconians
  3 deep elf annihilators
  5 deep elf demonologists (Elf:3)
  5 black draconians
  A spark wasp (Spider:2)
  A lorocyproca (D:9)
  4 yellow draconians
  7 dire elephants
  4 purple draconians
  9 red draconians
  4 ettins
  2 deep elf death magi (Elf:3)
  3 merfolk javelineers
  3 fire dragons (Depths:3)
  8 deep elf high priests
  9 yaktaur captains
  12 merfolk impalers
  8 entropy weavers
  10 great orbs of eyes
  8 hydras
  8 vault guards
  2 rakshasas (Depths:2)
  A caustic shrike simulacrum (Depths:2)
  3 catoblepae
  2 peacekeepers (Vaults:4)
  3 spriggan air magi
  5 ice dragons
  2 jorogumos
  4 ogre magi
  7 radroaches
  5 merfolk avatars
  13 centaur warriors
  3 death knights
  8 boulder beetles
  2 alligator snapping turtles (Shoals:4)
  8 merfolk aquamancers
  27 dancing weapons
  5 deep troll earth magi
  9 ironbound frosthearts
  5 deep troll shamans
  6 satyrs
  3 two-headed ogres
  5 tengu warriors
  2 vampire magi
  13 death yaks
  9 sun demons
  Nergalle (Orc:2)
  7 spriggan berserkers
  13 deep elf knights
  4 hell knights
  A shadow wraith (Vaults:3)
  Amaemon (D:9)
  4 sun moths
  A fire crab (shapeshifter) (Vaults:4)
  12 pharaoh ants
  8 iron trolls
  A spriggan (Depths:4)
  2 skysharks
  67 deep trolls
  13 sea snakes
  4 glowing orange brains
  A salamander mystic (Depths:2)
  8 steelbarb worms
  11 orb spiders
  16 ironbound convokers
  10 deep elf archers
  28 deep elf pyromancers
  Pikel (D:9)
  An obsidian statue (Vaults:2)
  25 harpies
  19 deep elf zephyrmancers
  16 wizards
  14 orc knights
  4 phantasmal warriors
  5 lindwurms (Vaults:2)
  An orange crystal statue (Depths:1)
  A necromancer (Depths:4)
  33 wolf spiders
  A wolf spider (shapeshifter) (Vaults:1)
  56 ugly things
  9 fauns
  8 orc sorcerers
  4 shining eyes
  A salamander (shapeshifter) (D:13)
  12 cyclopes
  15 manticores
  16 elephants
  3 salamanders
  8 merfolk sirens
  A rust devil (Depths:4)
  18 moths of wrath
  6 water nymphs (Shoals:4)
  2 demonic crawlers (Spider:1)
  4 eyes of devastation
  Joseph (D:8)
  6 black mambas
  Maurice (D:8)
  4 orange demons
  A gargoyle (D:13)
  12 cane toads
  13 vault sentinels
  A smoke demon (D:2)
  Psyche (D:8)
  8 torpor snails
  A rime drake (shapeshifter) (D:13)
  6 rime drakes
  3 hellions (Depths:1)
  4 kobold demonologists
  8 komodo dragons
  2 unseen horrors (D:13)
  3 freezing wraiths (D:12)
  44 yaktaurs
  2 red devils (D:15)
  6 tengu conjurers
  5 wind drakes
  18 meliai
  6 trolls
  5 hornets
  2 polar bears
  A tengu simulacrum (Depths:2)
  42 merfolk
  33 tarantellas
  20 blink frogs
  13 snapping turtles
  6 dream sheep
  95 slime creatures
  45 jumping spiders
  3 air elementals
  23 culicivoras
  21 water elementals
  A shadow (D:12)
  A vampire (D:11)
  6 wyverns
  24 yaks
  15 fire elementals
  A wraith (D:12)
  5 golden eyes (Slime:1)
  4 basilisks
  A death yak simulacrum (IceCv)
  A redback (shapeshifter) (Vaults:2)
  A steam dragon (D:6)
  80 redbacks
  8 vampire mosquitoes
  6 wargs
  15 water moccasins
  An acid dragon (D:9)
  27 orc warriors
  A black bear (Lair:3)
  A sky beast (D:8)
  4 ogres
  20 centaurs
  21 wolves
  6 boggarts
  A lemure (D:9)
  5 bullfrogs
  2 elf zombies
  4 kobold brigands
  3 necrophages (D:6)
  2 earth elementals
  5 gnoll sergeants
  2 elf skeletons (D:6)
  3 cane toad simulacra
  7 wights
  4 elephant simulacra
  17 killer bees
  2 howler monkeys
  11 electric eels
  3 hounds
  20 orc priests
  2 gnoll boudas
  2 human zombies
  A jelly (D:6)
  Ijyb (D:4)
  Terence (D:3)
  3 human skeletons (D:6)
  4 iguanas
  42 orc wizards
  2 polar bear simulacra
  7 hell rats (Lair:1)
  A wolf simulacrum (Lair:4)
  2 mummies (Ossuary)
  Robin (D:3)
  8 adders
  35 gnolls
  2 shadow imps (D:6)
  2 ufetubi
  2 worms
  7 dart slugs
  95 orcs
  6 bats
  5 endoplasms (D:2)
  A giant cockroach (D:1)
  22 goblins
  18 hobgoblins
  15 kobolds
  5 quokkas
  6 ball pythons
  3 gnoll zombies (Ossuary)
  3 goblin zombies (Ossuary)
  4 hobgoblin zombies (Ossuary)
  An orc skeleton (D:6)
  5 orc zombies
  8 rats
  A butterfly (Lair:5)
  3 tentacles (Shoals:3)
2203 creatures vanquished.

Vanquished Creatures (collateral kills)
  3 killer bees (D:8)
3 creatures vanquished.

Vanquished Creatures (others)
  A black draconian (Zot:2)
  A dire elephant (Vaults:2)
  A centaur warrior (D:13)
  A tengu warrior (D:13)
  An ironbound convoker (Vaults:2)
  A wizard (Depths:2)
  An ugly thing (Depths:2)
  A merfolk (Shoals:1)
  A stone giant simulacrum (Depths:2)
  A water elemental (Shoals:1)
  A yak (D:11)
  A glowing shapeshifter simulacrum (Depths:2)
  An orc priest (D:6)
  23 foxfires
  31 fungi
  198 plants
  A tentacle (Shoals:3)
266 creatures vanquished.

Grand Total: 2472 creatures vanquished

Notes
Turn   | Place    | Note
-------+----------+-------------------------------------------
     0 | D:1      | freelancePsychic the Armataur Cinder Acolyte began the
                  | quest for the Orb.
     0 | D:1      | Reached XP level 1. HP: 19/19 MP: 2/2
    16 | D:1      | Got the Almanac of Percussion
   201 | D:1      | Reached XP level 2. HP: 22/26 MP: 3/3
   207 | D:1      | Learned a level 2 spell: Scorch
   673 | D:2      | Reached skill level 1 in Stealth
   673 | D:2      | Reached XP level 3. HP: 30/32 MP: 0/5
  1301 | D:2      | Reached XP level 4. HP: 39/39 MP: 1/6
  1833 | D:3      | Noticed Robin
  1902 | D:3      | Reached XP level 5. HP: 38/47 MP: 8/8
  1922 | D:3      | Killed Robin
  2079 | D:3      | Noticed Terence
  2116 | D:3      | Killed Terence
  2725 | D:2      | Reached skill level 5 in Stealth
  2725 | D:2      | Reached XP level 6. HP: 46/53 MP: 0/9
  2892 | D:4      | Found a shimmering altar of Xom.
  3181 | D:4      | Found an iron altar of Okawaru.
  3498 | D:4      | Reached skill level 5 in Fire Magic
  3613 | D:4      | Found a shadowy altar of Dithmenos.
  3613 | D:4      | Found a stormy altar of Qazlal.
  3848 | D:4      | Noticed Ijyb
  4141 | D:4      | Killed Ijyb
  4421 | D:5      | Entered Level 5 of the Dungeon
  4631 | D:5      | Reached XP level 7. HP: 60/60 MP: 8/10
  4668 | D:5      | Found a bloodstained altar of Trog.
  4734 | D:5      | Noticed Eustachio
  4768 | D:5      | Reached skill level 1 in Ice Magic
  4768 | D:5      | Reached skill level 1 in Air Magic
  4770 | D:5      | Reached skill level 1 in Conjurations
  5298 | D:6      | Found a sand-covered staircase.
  5319 | Ossuary  | Entered an ossuary
  5881 | D:6      | Reached XP level 8. HP: 64/70 MP: 11/11
  6693 | D:6      | Reached skill level 5 in Fighting
  7082 | D:6      | Reached XP level 9. HP: 75/77 MP: 12/12
  7338 | D:7      | Found a large runed translucent door.
  7339 | D:7      | Found a large runed translucent door.
  7353 | D:7      | Noticed a two-headed ogre
  7433 | D:6      | Learned a level 5 spell: Freezing Cloud
  7437 | D:6      | Learned a level 3 spell: Mephitic Cloud
  8266 | D:7      | Found a staircase to the Ecumenical Temple.
  8276 | Temple   | Entered the Ecumenical Temple
  8481 | D:7      | Killed a two-headed ogre
  8482 | D:7      | Reached skill level 5 in Conjurations
  8482 | D:7      | Reached skill level 5 in Ice Magic
  8482 | D:7      | Reached skill level 5 in Air Magic
  8592 | D:7      | Found a glowing golden altar of the Shining One.
  8740 | D:7      | Found a sparkling altar of Nemelex Xobeh.
  8743 | D:7      | Found a shimmering blue altar of Sif Muna.
  8781 | D:8      | Noticed a boulder beetle
  8801 | D:8      | Noticed Joseph
  8836 | D:8      | Killed Joseph
  9014 | D:8      | Reached XP level 10. HP: 50/89 MP: 13/13
  9269 | D:8      | Noticed a centaur warrior
  9278 | D:8      | Killed a centaur warrior
  9408 | D:8      | Noticed a two-headed ogre
  9418 | D:8      | Noticed Maurice
  9432 | D:8      | Killed a two-headed ogre
  9456 | D:8      | Killed Maurice
  9592 | D:8      | Found a burning altar of Makhleb.
  9592 | D:8      | Noticed a blizzard demon
  9595 | D:8      | Noticed a smoke demon
 10506 | D:9      | Found Egassul's Weapon Boutique.
 10510 | D:9      | Noticed Psyche
 10572 | D:8      | Killed Psyche
 10670 | D:9      | Noticed Amaemon
 10677 | D:9      | Noticed an orange demon
 10782 | D:8      | Killed a boulder beetle
 10871 | D:9      | Reached XP level 11. HP: 88/99 MP: 14/14
 10889 | D:9      | Paralysed by a hornet for 3 turns
 10914 | D:9      | Noticed Pikel
 10924 | D:9      | Killed Pikel
 11045 | D:9      | Noticed a rakshasa
 11074 | D:10     | Entered Level 10 of the Dungeon
 11083 | D:10     | Found a flagged portal.
 11092 | Bailey   | Entered a bailey
 11250 | Bailey   | Noticed a sun demon
 11332 | Bailey   | Found an iron altar of Okawaru.
 11332 | Bailey   | Noticed an orc sorcerer
 11335 | Bailey   | Killed an orc sorcerer
 11444 | Bailey   | Identified the +2 robe of Ceupt {Harm rF- Regen+ Dex+5}
 11445 | Bailey   | Acquired the +2 helmet "Ycvousis" {Int+2}
 11483 | Bailey   | Noticed an orc knight
 11501 | Bailey   | Killed an orc knight
 11603 | Bailey   | Acquired the +0 pair of gloves of Tavityenn {Contam Rampage
                  | Will+}
 11970 | Bailey   | Upgraded the game from 0.30-a0-777-ga9a30cbeda to
                  | 0.30-a0-778-g2ef04afb54
 11997 | D:10     | Noticed a two-headed ogre
 12002 | D:10     | Killed a two-headed ogre
 12310 | D:9      | Found a hazy altar of Hepliaklqana.
 12665 | D:9      | Killed Amaemon
 12799 | D:9      | Found a staircase to the Orcish Mines.
 13046 | D:9      | Found a hide-covered altar of Uskayaw.
 13135 | D:9      | Learned a level 4 spell: Olgreb's Toxic Radiance
 13311 | D:10     | Noticed Sonja
 13374 | D:10     | Reached skill level 1 in Poison Magic
 13423 | D:10     | Found a glowing silver altar of Zin.
 13878 | D:10     | Found a white marble altar of Elyvilon.
 14386 | D:11     | Found a flickering gateway to a bazaar.
 14398 | Bazaar   | Entered a bazaar
 14400 | Bazaar   | Found Gukliad's Antique Armour Boutique.
 14410 | Bazaar   | Found Hassuav's Magic Scroll Emporium.
 14417 | Bazaar   | Found Ryunt's Assorted Antiques.
 14421 | Bazaar   | Found Fakkoteh's Armour Shop.
 14433 | Bazaar   | Found Ucryopseeny's Antique Armour Shoppe.
 14470 | Bazaar   | Bought the +3 crown of Dyrovepreva {rElec Int+2 SInv} for
                  | 745 gold pieces
 14470 | Bazaar   | Found the +3 crown of Dyrovepreva {rElec Int+2 SInv}
 14480 | Bazaar   | Bought a smoking leather armour for 126 gold pieces
 14480 | Bazaar   | Identified the +1 leather armour of Zolokuos {rC- Regen+
                  | Int+7} (You bought it in a shop in a bazaar)
 14487 | Bazaar   | Bought a scroll of blinking for 67 gold pieces
 14487 | Bazaar   | Bought a scroll of enchant armour for 67 gold pieces
 14613 | D:11     | Reached XP level 12. HP: 109/111 MP: 6/15
 15103 | D:11     | Noticed a death yak
 15103 | D:11     | Noticed a death yak
 15115 | D:11     | Noticed a death yak
 15118 | D:11     | Killed a death yak
 15119 | D:11     | Noticed a death yak
 15119 | D:11     | Noticed a death yak
 15120 | D:11     | Killed a death yak
 15120 | D:11     | Noticed a death yak
 15121 | D:11     | Reached skill level 10 in Fighting
 15123 | D:11     | Killed a death yak
 15124 | D:11     | Reached skill level 5 in Poison Magic
 15128 | D:11     | Killed a death yak
 15128 | D:11     | Killed a death yak
 15134 | D:11     | Killed a death yak
 15352 | D:11     | Found a staircase to the Lair.
 15869 | Temple   | Fell from the grace of Ignis
 15869 | Temple   | Became a worshipper of Ashenzari the Shackled
 16001 | Lair:1   | Entered Level 1 of the Lair of Beasts
 16386 | Lair:1   | Reached skill level 1 in Armour
 16649 | Lair:1   | Found a broken altar of Ashenzari.
 17201 | Lair:1   | Reached skill level 2 in Armour
 17621 | Lair:1   | You are sucked into a shaft and drop 1 floor!
 17669 | Lair:2   | Reached skill level 3 in Armour
 18114 | Lair:2   | Reached XP level 13. HP: 114/124 MP: 9/19
 18332 | Lair:2   | Noticed Gastronok
 18449 | Lair:2   | Reached skill level 4 in Armour
 18497 | Lair:2   | You are sucked into a shaft and drop 1 floor!
 18498 | Lair:3   | Reached * piety under Ashenzari
 18649 | Lair:2   | Found a hole to the Spider Nest.
 18688 | Lair:2   | You are sucked into a shaft and drop 2 floors!
 18725 | Lair:4   | Found a frozen archway.
 18741 | Lair:4   | Learned a level 5 spell: Irradiate
 18883 | IceCv    | Entered an ice cave
 19401 | Lair:4   | Reached ** piety under Ashenzari
 19460 | Lair:4   | Reached skill level 1 in Transmutations
 19835 | Lair:4   | Reached skill level 5 in Armour
 19919 | Lair:4   | You are sucked into a shaft and drop 1 floor!
 19919 | Lair:5   | Entered Level 5 of the Lair of Beasts
 19919 | Lair:5   | Was forgiven by Ignis
 20061 | Lair:5   | Reached skill level 6 in Armour
 20416 | Lair:5   | Reached skill level 7 in Armour
 20797 | Lair:5   | Reached skill level 8 in Armour
 20797 | Lair:5   | Reached skill level 5 in Transmutations
 21119 | Lair:4   | Found a runed translucent door.
 21120 | Lair:4   | Found a viscous altar of Jiyva.
 21120 | Lair:4   | Noticed an azure jelly
 21122 | Lair:4   | Found a staircase to the Slime Pits.
 21499 | Lair:4   | Reached *** piety under Ashenzari
 21587 | Lair:5   | Reached skill level 9 in Armour
 21697 | Lair:3   | Found a staircase to the Shoals.
 21903 | Lair:3   | Noticed Rupert
 21912 | Lair:3   | Killed Rupert
 21998 | Lair:3   | Reached XP level 14. HP: 94/139 MP: 14/24
 23387 | Lair:2   | Reached skill level 10 in Armour
 24065 | Lair:4   | Reached skill level 10 in Ice Magic
 24957 | Lair:5   | Learned a level 5 spell: Arcjolt
 25191 | Lair:2   | Killed Gastronok
 25477 | Orc:1    | Entered Level 1 of the Orcish Mines
 25686 | Orc:1    | Found Neladw Duca's Magic Scroll Emporium.
 25691 | Orc:1    | Bought a scroll of blinking for 82 gold pieces
 26180 | Orc:1    | Reached **** piety under Ashenzari
 26222 | Orc:2    | Entered Level 2 of the Orcish Mines
 26222 | Orc:2    | Noticed Donald
 26293 | Orc:2    | Noticed an orc warlord
 26309 | Orc:1    | Killed an orc warlord
 26310 | Orc:1    | Reached skill level 11 in Armour
 26643 | Orc:2    | Killed Donald
 26852 | Orc:2    | Found Downuass's Armour Boutique.
 26923 | Orc:2    | Found a staircase to the Elven Halls.
 27142 | Orc:2    | Paralysed by an orc sorcerer for 4 turns
 27280 | Orc:2    | Found Woninol's Distillery.
 27297 | Orc:2    | Bought a potion of heal wounds for 60 gold pieces
 27310 | Orc:2    | Found a radiant altar of Vehumet.
 27416 | Orc:2    | Found Secerch's Book Shop.
 27441 | Orc:2    | Noticed Nergalle
 27452 | Orc:2    | Killed Nergalle
 27551 | Orc:2    | Found an ancient bone altar of Kikubaaqudgha.
 27595 | Orc:2    | Found Vefouqom's Magic Scroll Shop.
 27689 | Orc:2    | Found Ovvoh's Antique Armour Boutique.
 27927 | Orc:2    | Bought a potion of haste for 120 gold pieces
 27927 | Orc:2    | Bought a potion of curing for 36 gold pieces
 27927 | Orc:2    | Bought a potion of brilliance for 48 gold pieces
 27957 | Orc:2    | Bought a scroll of teleportation for 48 gold pieces
 27957 | Orc:2    | Bought a scroll of teleportation for 48 gold pieces
 27957 | Orc:2    | Bought a scroll of summoning for 152 gold pieces
 27957 | Orc:2    | Bought a scroll of fog for 64 gold pieces
 28783 | D:12     | Reached XP level 15. HP: 143/143 MP: 19/25
 29385 | D:13     | Reached skill level 12 in Armour
 30205 | D:13     | Found Akaplud's Antique Armour Shop.
 30213 | D:13     | Bought a heavily runed cloak for 294 gold pieces
 30213 | D:13     | Identified the +1 cloak of Wisdom {Dex+3} (You bought it in
                  | a shop on level 13 of the Dungeon)
 30397 | D:13     | Acquired 712 gold pieces
 30521 | D:14     | Found a stormy altar of Qazlal.
 30622 | D:14     | Reached skill level 1 in Shields
 30736 | D:14     | Reached skill level 1 in Dodging
 31089 | D:15     | Entered Level 15 of the Dungeon
 31446 | D:15     | Found Gono's Antique Armour Emporium.
 31538 | D:13     | Bought a brightly glowing ring mail for 279 gold pieces
 31538 | D:13     | Identified the +2 ring mail "Muikoatt" {Fly Str+3} (You
                  | bought it in a shop on level 13 of the Dungeon)
 31540 | D:13     | Reached ***** piety under Ashenzari
 31718 | D:14     | Found a gate to the Vaults.
 32540 | D:15     | Found a staircase to the Depths.
 33410 | Elf:1    | Entered Level 1 of the Elven Halls
 33468 | Elf:1    | Found Cawah's Weapon Shoppe.
 33698 | Elf:1    | Paralysed by an air elemental for 1 turns
 34278 | Elf:1    | Noticed a deep elf sorcerer
 34292 | Elf:1    | Killed a deep elf sorcerer
 34579 | Elf:1    | Paralysed by an air elemental for 1 turns
 34583 | Elf:1    | Paralysed by an air elemental for 1 turns
 34659 | Elf:1    | Reached XP level 16. HP: 157/159 MP: 27/27
 35000 | Elf:2    | Reached skill level 15 in Ice Magic
 35040 | Elf:2    | Found a runed translucent gate.
 35041 | Elf:2    | Found a runed translucent gate.
 35041 | Elf:2    | Found a runed translucent gate.
 35091 | Elf:2    | Identified the +2 robe of Ocaghi {Will+ Dex+5 Stlth+}
 35581 | Elf:2    | Found the -2 hat of the Alchemist {rElec rPois rF+ rC+ rN+
                  | Will+ rMut rCorr}
 35994 | Elf:3    | Entered Level 3 of the Elven Halls
 35994 | Elf:3    | Found Oserryam's Weapon Shoppe.
 36383 | Elf:3    | Found a runed translucent door.
 36384 | Elf:3    | Noticed Ewetirimn's ghost (adept MiBe)
 36593 | Elf:3    | Found Ginudwid's Jewellery Emporium.
 36594 | Elf:3    | Found Sixonk's Weapon Shoppe.
 36686 | Elf:3    | Paralysed by an air elemental for 1 turns
 36691 | Elf:3    | Paralysed by an air elemental for 1 turns
 36718 | Elf:3    | Found Taabuaso's Armour Emporium.
 37105 | Elf:3    | Identified the +7 spear of Cataclysm {flame, Str+4}
 37386 | Elf:3    | Found Juaroho's Jewellery Shop.
 37387 | Elf:3    | Found Dohyj's Book Emporium.
 37387 | Elf:3    | Found Wyshrela's Book Emporium.
 37734 | Spider:1 | Entered Level 1 of the Spider Nest
 38195 | Shoals:1 | Entered Level 1 of the Shoals
 38327 | Shoals:1 | Reached skill level 5 in Dodging
 39708 | Shoals:1 | Reached XP level 17. HP: 115/166 MP: 7/29
 40264 | Shoals:1 | Noticed a kraken
 40432 | Shoals:1 | Learned a level 9 spell: Polar Vortex
 40850 | Shoals:2 | Found Ecanaure's Overcharged Wands.
 40955 | Shoals:2 | Reached ****** piety under Ashenzari
 41069 | Shoals:2 | Noticed Polyphemus
 41081 | Shoals:2 | Killed Polyphemus
 41669 | Shoals:3 | Identified the +4 quarterstaff "Kublega" {pain, rF+ Str+5
                  | Int-4 Dex+3}
 41675 | Shoals:3 | Noticed Nikola
 42466 | Shoals:3 | Found a runed translucent door.
 42655 | Shoals:3 | Found Teasekua's Magic Scroll Shoppe.
 42658 | Shoals:3 | Bought a scroll of enchant armour for 150 gold pieces
 42658 | Shoals:3 | Bought a scroll of fear for 80 gold pieces
 42658 | Shoals:3 | Bought a scroll of fear for 80 gold pieces
 42713 | Shoals:3 | Noticed a kraken
 42721 | Shoals:3 | Killed a kraken
 42839 | Shoals:3 | Noticed Fonana's ghost (journeyman DgHu)
 42911 | Shoals:4 | Entered Level 4 of the Shoals
 43091 | Shoals:3 | Killed Nikola
 43488 | Shoals:4 | Identified the +3 ring mail of the Dozen Visions {rPois}
 43502 | Shoals:4 | Identified the +1 leather armour of Orubow {rElec rN++
                  | Slay-6}
 44621 | Shoals:4 | Reached XP level 18. HP: 147/177 MP: 7/30
 44639 | Shoals:4 | HP: 7/177 [frost giant/bolt of cold (25)]
 44913 | Shoals:4 | Got a barnacled rune of Zot
 44981 | Shoals:4 | Reached skill level 5 in Spellcasting
 44985 | Shoals:4 | Identified the Secrets of Cryomancy and the Lungs
 46086 | Spider:2 | Identified the +3 longbow "Juniluam" {freeze, Fly rN+
                  | Str+3}
 46238 | Spider:2 | Identified Vehumet's Tome of Assaults
 46256 | Spider:2 | Noticed Jorgrun
 46414 | Spider:2 | Killed Jorgrun
 46517 | Spider:2 | Reached XP level 19. HP: 189/189 MP: 24/34
 46517 | Spider:2 | Reached XP level 20. HP: 196/196 MP: 24/35
 47014 | Spider:2 | Identified the +2 scimitar of Parts Unknown {flame, rN+
                  | Int+3 Stlth+}
 47893 | Spider:3 | Reached skill level 13 in Armour
 48850 | Spider:4 | Entered Level 4 of the Spider Nest
 49675 | Spider:4 | Reached XP level 21. HP: 122/207 MP: 1/37
 50111 | Spider:4 | Reached skill level 14 in Armour
 50660 | Spider:4 | Reached skill level 15 in Fighting
 50660 | Spider:4 | Reached skill level 15 in Armour
 50660 | Spider:4 | Reached XP level 22. HP: 218/218 MP: 39/39
 50660 | Spider:4 | Reached XP level 23. HP: 225/225 MP: 40/40
 50667 | Spider:4 | Got a gossamer rune of Zot
 50817 | Spider:4 | Reached skill level 10 in Spellcasting
 51839 | Elf:3    | Reached skill level 16 in Armour
 51966 | Elf:3    | Identified the +2 morningstar "Feabbe" {heavy, rF+ Will+
                  | Str+3 Dex+2}
 52000 | Elf:3    | Identified the +9 mace of Rutaituc {drain, *Corrode rF-
                  | rN+++ Stlth+}
 52000 | Elf:3    | Identified the ring of Fech {rPois rC- Str+7 Int+6}
 52174 | Elf:3    | Reached skill level 17 in Armour
 52260 | Elf:3    | Identified Nuquosa's Precepts of Elitism
 52469 | Elf:3    | Identified Ydurghaw's Elucidation of Boreal Rallying
 52612 | Elf:3    | Killed Ewetirimn's ghost
 53026 | Vaults:1 | Entered Level 1 of the Vaults
 53829 | Vaults:1 | Learned a level 8 spell: Maxwell's Capacitive Coupling
 54091 | Vaults:1 | Found Rellykh's Jewellery Shop.
 54160 | Vaults:1 | Reached skill level 18 in Armour
 55018 | Vaults:1 | Reached XP level 24. HP: 235/235 MP: 30/39
 55309 | Vaults:2 | Reached skill level 19 in Armour
 55354 | Vaults:2 | Found a flickering gateway to a bazaar.
 55363 | Bazaar   | Entered a bazaar
 55418 | Bazaar   | Found Qototres's Jewellery Shoppe.
 55427 | Bazaar   | Found Merucvaz's Book Boutique.
 55427 | Bazaar   | Found Zium Kym's Book Boutique.
 55445 | Bazaar   | Found Ugrohohy's General Store.
 55453 | Bazaar   | Bought a potion of haste for 80 gold pieces
 55453 | Bazaar   | Bought a potion of mutation for 64 gold pieces
 55698 | Vaults:2 | Reached skill level 1 in Staves
 55737 | Vaults:2 | Reached skill level 1 in Evocations
 56307 | Vaults:2 | Identified the +1 ring mail of the Gusle {rPois rN+ Str+2
                  | Int-5}
 57104 | Vaults:3 | Found Goas's Book Shoppe.
 57144 | Vaults:3 | Bought a manual of Evocations for 1840 gold pieces
 57209 | Vaults:3 | Found Santodyn's General Store.
 57227 | Vaults:3 | Reached skill level 20 in Armour
 57495 | Vaults:3 | Identified the ring of Ogrei {Int+2 Slay+4}
 57502 | Vaults:3 | Reached skill level 5 in Staves
 57513 | Vaults:3 | Noticed a dread lich
 57717 | Vaults:3 | Reached skill level 5 in Evocations
 57862 | Vaults:3 | Found Edaoj's Antique Armour Emporium.
 57862 | Vaults:3 | Found Afaytaul's Antique Armour Boutique.
 58473 | Vaults:3 | Found a staircase to the Crypt.
 58558 | Vaults:3 | Killed a dread lich
 58893 | Vaults:4 | Found Rilizxolom's Armour Shop.
 59411 | Vaults:4 | Reached skill level 21 in Armour
 59677 | Vaults:4 | Reached XP level 25. HP: 251/251 MP: 32/41
 60811 | Depths:1 | Entered Level 1 of the Depths
 60989 | Depths:1 | Found a gateway to Hell.
 61433 | Depths:1 | Found a blossoming altar of Fedhas.
 61953 | Depths:1 | Found a burning altar of Makhleb.
 62171 | Depths:2 | Noticed Mara
 62177 | Depths:2 | Killed Mara
 62177 | Depths:2 | Noticed a juggernaut
 62188 | Depths:1 | Killed a juggernaut
 62311 | Depths:2 | Identified the ring of Ithen {Ice Will+ SInv}
 62311 | Depths:2 | Noticed Josephina
 62313 | Depths:2 | Reached skill level 10 in Staves
 62481 | Depths:2 | Found an ancient bone altar of Kikubaaqudgha.
 62783 | Depths:2 | Found a one-way gate to the infinite horrors of the Abyss.
 62784 | Depths:2 | Identified the +4 whip "Worm's Wrath" {venom, *Corrode
                  | Int+4}
 62788 | Depths:2 | Identified the +2 robe "Pigut" {Str+6}
 62790 | Depths:2 | Killed Josephina
 62805 | Depths:2 | Reached skill level 10 in Dodging
 63661 | Depths:2 | Found a one-way gate leading to the halls of Pandemonium.
 64627 | Depths:4 | Entered Level 4 of the Depths
 64873 | Depths:4 | Noticed Margery
 64877 | Depths:4 | Killed Margery
 65094 | Depths:4 | Found a gate to the Realm of Zot.
 65103 | Depths:4 | Reached XP level 26. HP: 233/261 MP: 33/41
 65103 | Depths:4 | Noticed Xtahua
 65113 | Depths:4 | Killed Xtahua
 65302 | Depths:4 | Noticed Frederick
 65315 | Depths:4 | Killed Frederick
 65460 | Depths:4 | Found a one-way gateway to a ziggurat.
 65752 | Depths:4 | Noticed Vv
 65780 | Depths:4 | Killed Vv
 65969 | Depths:4 | Found Viz Fuel's Assorted Antiques.
 65983 | Depths:4 | Bought a pair of jewelled gloves for 285 gold pieces
 65983 | Depths:4 | Identified the +1 pair of gloves "Neb Fif" {Regen+} (You
                  | bought it in a shop on level 4 of the Depths)
 66372 | Lair:4   | Reached skill level 5 in Shields
 66389 | Slime:1  | Entered Level 1 of the Pits of Slime
 67055 | Slime:5  | Entered Level 5 of the Pits of Slime
 67058 | Slime:5  | Reached skill level 10 in Air Magic
 67243 | Slime:5  | Noticed the Royal Jelly
 67248 | Slime:5  | Killed the Royal Jelly
 67420 | Slime:5  | Identified the ring of Joagecah {Wiz Int+2 Slay+2}
 67420 | Slime:5  | Identified the +7 shortbow of Death's Door {heavy, rCorr
                  | Str+3 Dex+2}
 67429 | Slime:5  | Found the +8 mithril axe "Arga" {speed, Will+}
 67429 | Slime:5  | Identified the +2 short sword "Ydiyfysi" {freeze, Will+
                  | Dex+5}
 67430 | Slime:5  | Identified the +4 falchion "Visiw" {freeze, Str+7}
 67430 | Slime:5  | Found the amulet of the Four Winds {rN+ Will+++ Clar}
 67430 | Slime:5  | Identified Sif Muna's Almanac of Grey Moulding
 67431 | Slime:5  | Identified Sif Muna's Spellbook of the Helpful Fault
 67560 | Slime:5  | Acquired 252 gold pieces
 67649 | Slime:5  | Got a slimy rune of Zot
 68022 | Zot:1    | Entered Level 1 of the Realm of Zot
 68160 | Zot:2    | Reached skill level 10 in Shields
 68879 | Zot:4    | Identified the +2 robe of Xokhloto {rElec Int+3 Dex+3 SInv}
 68896 | Zot:5    | Entered Level 5 of the Realm of Zot
 69130 | Zot:5    | Reached XP level 27. HP: 143/264 MP: 19/41
 69863 | Zot:5    | Noticed an orb of fire
 69871 | Zot:5    | Killed an orb of fire
 69875 | Zot:5    | Noticed an orb of fire
 69884 | Zot:5    | Noticed an orb of fire
 69885 | Zot:5    | Killed an orb of fire
 69890 | Zot:5    | Gained mutation: Your movements are slightly less
                  | encumbered by armour. (ER -2) [an orb of fire]
 69893 | Zot:5    | Noticed an orb of fire
 69899 | Zot:5    | Killed an orb of fire
 69904 | Zot:5    | Noticed an ancient lich
 69906 | Zot:5    | Killed an orb of fire
 69914 | Zot:5    | Killed an ancient lich
 69940 | Zot:5    | Noticed an orb of fire
 69942 | Zot:5    | Gained mutation: You are vulnerable to cold. (rC-) [an orb
                  | of fire]
 69942 | Zot:5    | Noticed an orb of fire
 69942 | Zot:5    | Noticed an orb of fire
 69946 | Zot:5    | Gained mutation: You are very vulnerable to cold. (rC--)
                  | [an orb of fire]
 69947 | Zot:5    | Noticed an ancient lich
 69947 | Zot:5    | Identified the cursed +3 barding "Vexation of Ashenzari"
                  | {Comp, Elem} (You found it on level 4 of the Dungeon)
 69947 | Zot:5    | Identified the cursed +1 buckler of the Astral Jealousy
                  | {rF+, Evo, Elem} (You took it off a tengu warrior on level
                  | 15 of the Dungeon)
 69947 | Zot:5    | Identified the cursed +2 steam dragon scales of Desmomancy
                  | {Elem, Alch} (You found it on level 6 of the Dungeon)
 69947 | Zot:5    | Identified the cursed ring "Cosmic Foul Odours" {Fly, Comp,
                  | Self} (You found it on level 7 of the Dungeon)
 69947 | Zot:5    | Identified the cursed ring of Curses and Power {Int+6,
                  | Bglg, Alch} (You found it on level 4 of the Lair of Beasts)
 69947 | Zot:5    | Identified the cursed amulet "Cosmic Shame" {Regen+, Range,
                  | Bglg} (You took it off Terence on level 3 of the Dungeon)
 69947 | Zot:5    | Noticed an orb of fire
 69952 | Zot:5    | Noticed a dread lich
 69954 | Zot:5    | Gained mutation: You occasionally lose the ability to read
                  | scrolls when taking damage. [an orb of fire]
 70120 | Zot:5    | Killed a dread lich
 70123 | Zot:5    | Killed an orb of fire
 70126 | Zot:5    | Killed an orb of fire
 70145 | Zot:5    | Killed an ancient lich
 70274 | Zot:5    | Killed an orb of fire
 70305 | Zot:5    | Reached skill level 15 in Air Magic
 70323 | Zot:5    | Killed an orb of fire
 70547 | Zot:5    | Lost mutation: Your movements are slightly less encumbered
                  | by armour. (ER -2) [potion of mutation]
 70547 | Zot:5    | Lost mutation: You are very vulnerable to cold. (rC--)
                  | [potion of mutation]
 70547 | Zot:5    | Lost mutation: You are vulnerable to cold. (rC-) [potion of
                  | mutation]
 70547 | Zot:5    | Lost mutation: You occasionally lose the ability to read
                  | scrolls when taking damage. [potion of mutation]
 70547 | Zot:5    | Gained mutation: You occasionally lose the ability to drink
                  | potions when taking damage. [potion of mutation]
 70547 | Zot:5    | Gained mutation: You have sharp toenails. [potion of
                  | mutation]
 70579 | Zot:5    | Got the Orb of Zot
 71325 | D:$      | Escaped with the Orb!

Illustrated notes

Levels and vault maps discovered:
D:1:      lemuel_arrival_funnel, layout_rooms
D:2:      layout_basic, hangedman_abyss_or_decor_lesser_grid
D:3:      layout_basic, cheibrodos_gnoll_hut, uniq_terence, uniq_robin
D:4:      layout_basic, mainiacjoe_overflow_six_doors_small,
          gammafunk_temple_overflow_elements, xom_teletrap_fun,
          nicolae_zen_rock_garden, dreamdust_wishing_well, uniq_ijyb
D:5:      layout_loops_cross, nicolae_overflow_crystal_walls, uniq_eustachio
D:6:      layout_rooms, nicolae_ossuary_entry_catacombs, sigmund_army
D:7:      layout_basic, tso_metal_star, jmf_multi_god_temple2,
          minmay_temple_entry_hall, dreamdust_princess_corridor
D:8:      layout_basic, makhleb_altar_promises_db, minmay_chambers_of_fives,
          uniq_joseph, uniq_maurice
D:9:      layout_big_octagon, worldfamousw_hep_ancestral_shrine,
          nicolae_uskayaw_dance_hall, erik_orc_2, serial_shops,
          nicolae_shop_crystal, wad_dig_loot, uniq_pikel, uniq_amaemon,
          uniq_psyche
D:10:     layout_cave_pools, elyvilon_altar_1, zin_academy, enter_bailey_8,
          serial_bayou_pond_e, hangedman_fish_farm, uniq_sonja
D:11:     layout_loops_ring, dpeg_lair_monsters, serial_shops,
          bzr_entry_customers
D:12:     layout_cave_pods
D:13:     layout_rooms, serial_shops, shop, serial_glass, glass_columns_a,
          glass_columns_a, glass_columns_a, glass_columns_a, glass_columns_a,
          glass_columns_a, feat_on_display, feat_on_display,
          minmay_strange_pillars, st_stairs_8
D:14:     layout_cave_pools, erik_vaults_1, grunt_qazlal_clouds
D:15:     grunt_enter_depths_snipers, layout_stronghold, serial_bayou_pond_b,
          serial_shops, shop_statue, minmay_beelzebubs_servants
Temple:   corrupted_temple
Lair:1:   layout_cave_pods, serial_bayou_pond_d, chequers_serial_rivers_room_a,
          lemuel_centaur_altar
Lair:2:   layout_gridlike, nicolae_spider_entry_tight_spaces,
          chequers_serial_rivers_micro_b, patterned_corridor,
          infiniplex_staircase_pool_2, uniq_gastronok
Lair:3:   layout_hall_layers, minmay_shoals_entry_centaurs, uniq_rupert
Lair:4:   layout_layer_cave, slime_entry_2, portal_ice_cave_entry_ice_simulacra,
          lemuel_fruit_fields, serial_bayou_shore_a, grunt_megastairs_4
Lair:5:   gammafunk_lair_ancient_temple, layout_regular_city,
          serial_bayou_lagoon_b, lemuel_fruit_fields, lemuel_fruit_tree
Shoals:1: layout_shoals, st_shoals_ruin
Shoals:2: layout_shoals, nicolae_shop_overcharged_wands, uniq_polyphemus
Shoals:3: layout_shoals, ebering_ghost_reflecting_pool, serial_shops,
          nicolae_shop_behind_doors, uniq_nikola
Shoals:4: shoals_end_grunt_ice, layout_shoals
Spider:1: layout_spider_delve
Spider:2: mumra_spider_spiderweb, nicolae_spider_solar_radiation, uniq_jorgrun
Spider:3: layout_spider_delve, hangedman_spider_tarantella_strand
Spider:4: hellmonk_spider_rune_endless_swarm
Slime:1:  layout_caves
Slime:2:  layout_caves
Slime:3:  layout_caves, basic_altar
Slime:4:  layout_caves
Slime:5
Orc:1:    layout_diamond_mine, serial_shops, nicolae_shop_hallway_stairs
Orc:2:    kennysheep_orc_mage_school, layout_caves, basic_altar, serial_shops,
          nicolae_lakefront_shop, uniq_donald
Elf:1:    layout_geoelf_diagonals, serial_shops,
          nicolae_shop_temple_entry_statues_fountains, hangedman_elf_disciples,
          grunt_megastairs_5
Elf:2:    nicolae_elf_blades_crystal_corner, layout_loops_corners
Elf:3:    minmay_elf_hall_spiked, layout_gridlike, serial_shops,
          nicolae_shop_temple_entry_statues_fountains,
          nicolae_shop_hallway_stairs, shop, shop, gammafunk_ghost_grave,
          minmay_shop_grove
Vaults:1: kb_rosetta, nicolae_vaults_hallways_thing,
          nicolae_vaults_stairing_the_circle, vaults_room_grid, v_misc_5,
          vaults_room_large_hall, v_rooms_1, ontoclasm_vaults_pinch,
          hangedman_vaults_river_flow, v_rooms_3, vaults_room_grid,
          grunt_vaults_hallway_long, hangedman_vaults_trim, vaults_room_hallway,
          layout_vaults_big_cross, serial_shops, shop
Vaults:2: vaults_room_semicircle, dpeg_vaults_monster_box,
          nicolae_vaults_arrows, nicolae_vaults_big_ls,
          nicolae_vaults_little_squares_1, nicolae_vaults_statue_guard,
          grunt_vaults_swirl, v_misc_32, v_alt_pattern_6, vaults_dpeg_spiral,
          layout_vaults_maze, serial_shops, freezing_bzr
Vaults:3: nicolae_vaults_little_ls, ontoclasm_vaults_idyll,
          dpeg_vaults_hating_casters, hangedman_vaults_corner_blocks,
          blue_anna_dwarven_crypt, hangedman_vaults_stream, v_misc_16,
          nicolae_vaults_sealed_display, nicolae_vaults_shelves_hall,
          layout_vaults_quadrants, serial_shops, shop, nicolae_shop_waterfront,
          shop, shop
Vaults:4: dpeg_vaults_monster_row, v_misc_13, v_misc_26, hangedman_vaults_nails,
          nicolae_vaults_mini_display_case, ontoclasm_vaults_gateway,
          vaults_mumra_minichess, v_misc_28, ontoclasm_vaults_bender,
          vaults_dpeg_doors, ontoclasm_vaults_hangar, ontoclasm_vaults_hangar,
          v_alt_pattern_4, nicolae_vaults_little_squares_4,
          vaults_room_door_ring, layout_vaults_omnibox, serial_shops,
          nicolae_shop_window_shopping
Depths:1: layout_basic, nicolae_hell_entry_hellmouth_sunbeams,
          lemuel_coloured_pillars_altar, minmay_splitting_lines,
          grunt_ministairs_5, minivault_16, fedhas_altar_2
Depths:2: minmay_cut_squares, layout_basic, hangedman_geh_valley, pan_entry,
          kiku_gazebo_pond_becter, abyss_entry, amcnicky_mini_pool_medium,
          uniq_josephina, uniq_mara
Depths:3: minmay_inside_and_out, layout_gridlike, marbit_kobold_abyss_entry,
          hell_entry, infiniplex_staircase_pillars_3b
Depths:4: grunt_x_marks_the_spot, layout_twisted_cross, enter_ziggurat_c,
          rand_demon_pan_entry_1, hangedman_abyss_or_decor_passed, serial_shops,
          nicolae_shop_overgrown_old_shop, hell_entry, uniq_frederick, uniq_vv,
          uniq_margery, uniq_xtahua
Zot:1:    layout_basic, lemuel_baited_zot_trap, nicolae_diode_stairs
Zot:2:    layout_basic, st_small_dragon_hoard_1
Zot:3:    layout_twisted_circle
Zot:4:    gammafunk_sealed_library, layout_gridlike,
          hangedman_elemental_corridor
Zot:5:    layout_basic, skrybe_zot_glass_2

Skill      XL: |  1  2  3  4  5  6  7  8  9 10 11 12 13 14 15 16 17 18 19 20 21 22 23 24 25 26 27 |
---------------+----------------------------------------------------------------------------------+-----
Fire Magic     | 3 4 5 |  5.0
Stealth        | 1 2 3 5 |  5.0
Spellcasting   | 2 4 7 8 9 10 | 10.0
Fighting       | 3 4 5 6 7 9 10 11 12 13 14 15 16 17 19 | 19.3
Ice Magic      | 2 4 5 7 8 9 11 14 17 20 | 20.1
Air Magic      | 2 4 5 7 8 12 15 | 15.4
Conjurations   | 2 4 5 7 8 |  8.2
Poison Magic   | 3 6 |  6.5
Armour         | 3 9 11 12 13 15 18 21 | 21.2
Transmutations | 5 |  5.7
Shields        | 4 11 | 11.9
Dodging        | 2 5 7 11 12 | 12.4
Staves         | 7 11 | 11.8
Evocations     | 9 |  9.9
Maces & Flails | |  2.6

Action                     |  1- 3 |  4- 6 |  7- 9 | 10-12 | 13-15 | 16-18 | 19-21 | 22-24 | 25-27 || total
---------------------------+-------+-------+-------+-------+-------+-------+-------+-------+-------++-------
  Melee: Mace              |    46 |    21 |       |       |       |       |       |       |       ||    67
         Whip              |    16 |    17 |       |       |       |       |       |       |       ||    33
         Tailslap          |     1 |    11 |    61 |    67 |   155 |   134 |    53 |   112 |   233 ||   827
         Punch             |     1 |       |     4 |     4 |     9 |       |       |       |       ||    18
         Dagger            |       |    89 |   348 |   486 |   779 |   613 |   197 |    10 |       ||  2522
         Staff             |       |       |       |       |       |       |       |   426 |   913 ||  1339
   Cast: Scorch            |    14 |    55 |   112 |    52 |    29 |       |       |       |       ||   262
         Mephitic Cloud    |       |       |       |    12 |       |       |       |       |       ||    12
         Freezing Cloud    |       |       |       |    59 |    80 |    33 |       |       |       ||   172
         Olgreb's Toxic Ra |       |       |       |    38 |    87 |    29 |    13 |       |       ||   167
         Irradiate         |       |       |       |       |    97 |    66 |     7 |    23 |    49 ||   242
         Arcjolt           |       |       |       |       |    27 |    39 |       |    10 |    22 ||    98
         Polar Vortex      |       |       |       |       |       |    50 |    51 |    80 |    87 ||   268
         Maxwell's Capacit |       |       |       |       |       |       |       |       |    15 ||    15
 Invoke: Foxfire Swarm     |       |     1 |     1 |       |       |       |       |       |       ||     2
         Fiery Armour      |       |     1 |     5 |     4 |       |       |       |       |       ||    10
         Curse Item        |       |       |       |     1 |     8 |     2 |       |     1 |     1 ||    13
         Shatter the Chain |       |       |       |       |       |     1 |       |     1 |     1 ||     3
  Evoke: Wand              |       |       |       |    11 |    15 |       |     1 |       |     6 ||    33
         Phantom mirror    |       |       |       |       |       |       |       |       |     1 ||     1
    Use: Scroll            |       |     4 |     7 |    11 |    11 |    14 |       |     2 |    12 ||    61
         Potion            |       |       |     5 |     4 |     6 |     5 |     4 |     4 |    23 ||    51
   Stab: Sleeping          |       |     3 |     7 |     4 |     7 |    11 |       |    18 |     8 ||    58
         Invisible         |       |       |     2 |       |     2 |       |     1 |     2 |       ||     7
         Confused          |       |       |       |     2 |       |       |       |       |       ||     2
         Distracted        |       |       |       |       |       |     1 |     2 |     1 |     3 ||     7
 Armour: Robe              |    37 |    58 |    81 |       |       |       |       |       |       ||   176
         Steam dragon scal |       |       |   103 |   429 |   767 |   502 |   210 |   300 |   576 ||  2887
  Dodge: Dodged            |    34 |    81 |   135 |   231 |   360 |   339 |   170 |   269 |   516 ||  2135
  Block: Buckler           |       |       |       |       |    32 |   264 |   105 |   178 |   297 ||   876

Table legend: (Time is in decaauts)
 A = Elapsed time spent in this place.
 B = Non-inter-level travel time spent in this place.
 C = Inter-level travel time spent in this place.
 D = Time resting spent in this place.
 E = Time spent auto-exploring this place.
 F = Levels seen in this place.
 G = Mean time per level.
                   A        B        C        D        E       F      G
               +--------+--------+--------+--------+--------+-----+--------+
         Total |  71203 |  65412 |   5791 |   4969 |  46822 |  57 | 1249.2 |
       Dungeon |  21078 |  18578 |   2500 |   1440 |  13123 |  15 | 1405.2 |
        Temple |     76 |     31 |     45 |      0 |     24 |   1 |   76.0 |
          Lair |  10512 |   9741 |    771 |   1253 |   6964 |   5 | 2102.4 |
        Shoals |   6651 |   6304 |    347 |    410 |   4389 |   4 | 1662.8 |
   Spider Nest |   5412 |   5278 |    134 |    320 |   3799 |   4 | 1353.0 |
    Slime Pits |   1303 |   1213 |     90 |    166 |    734 |   5 |  260.6 |
  Orcish Mines |   2870 |   2405 |    465 |    330 |   1661 |   2 | 1435.0 |
   Elven Halls |   5782 |   5390 |    392 |    138 |   4117 |   3 | 1927.3 |
        Vaults |   7424 |   7068 |    356 |     73 |   5691 |   4 | 1856.0 |
        Depths |   5502 |   5021 |    481 |    174 |   3945 |   4 | 1375.5 |
           Zot |   2648 |   2443 |    205 |    489 |   1202 |   5 |  529.6 |
        Bazaar |    284 |    284 |      0 |      0 |    182 |   2 |  142.0 |
       Ossuary |    399 |    399 |      0 |     71 |    149 |   1 |  399.0 |
        Bailey |    879 |    879 |      0 |     31 |    658 |   1 |  879.0 |
      Ice Cave |    375 |    375 |      0 |     74 |    182 |   1 |  375.0 |
               +--------+--------+--------+--------+--------+-----+--------+

Top non-repeatable levels by time:
  Lair:2: 2928 daAuts
   Elf:3: 2309 daAuts
     D:8: 2222 daAuts
Vaults:1: 2175 daAuts
     D:9: 2112 daAuts
     D:6: 2053 daAuts
Spider:4: 2029 daAuts
  Lair:4: 1994 daAuts
Spider:2: 1991 daAuts
Shoals:1: 1990 daAuts
  Lair:5: 1966 daAuts
   Elf:2: 1947 daAuts
  Lair:1: 1921 daAuts
    D:15: 1877 daAuts
Vaults:3: 1815 daAuts
